 Dungeon Crawl Stone Soup version 0.26.1-2-gb8aa6d0cf2 (webtiles) character file.

Game seed: 2131114480995671034

24 inmateoo the Stinger (level 3, 0/22 HPs)
             Began as an Octopode Venom Mage on Feb 11, 2021.
             Slain by Natasha (8 damage)
             ... on level 2 of the Dungeon.
             The game lasted 00:01:14 (1858 turns).

inmateoo the Stinger (Octopode Venom Mage)          Turns: 1858, Time: 00:01:15

Health: 0/22       AC:  1    Str:  7    XL:     3   Next: 2%
Magic:  1/6        EV: 13    Int: 18    God:
Gold:   110        SH:  0    Dex: 12    Spells: 3/6 levels left

rFire    + . .     SeeInvis .   (no weapon)
rCold    + . .     Faith    .   (no shield)
rNeg     . . .     Spirit   .   (helmet restricted)
rPois    .         Reflect  .   (no amulet)
rElec    .         Harm     .   d - ring of protection from fire
rCorr    .         Rampage  .   a - ring of protection from cold
Will     .....                  (no ring)
Stlth    +++.......             (no ring)
HPRegen  0.07/turn              (no ring)
MPRegen  0.10/turn              (no ring)
                                (no ring)
                                (no ring)

@: no status effects
A: almost no armour, stealthy swim, amphibious, 8 rings, constrict 8, camouflage
1, gelatinous body 1
a: no special abilities


You were on level 2 of the Dungeon.
You visited 1 branch of the dungeon, and saw 2 of its levels.

You collected 110 gold pieces.

Inventory:

Jewellery
 a - a ring of protection from cold (right tentacle)
 d - a ring of protection from fire (left tentacle)
Scrolls
 c - 2 scrolls of remove curse {unknown}
 e - a scroll of teleportation {unknown}
 f - a scroll of identify {unknown}
 g - a scroll of blinking {unknown}
Potions
 b - 2 potions of degeneration {unknown}


   Skills:
 + Level 0.8 Fighting
 + Level 2.3 Dodging
 + Level 3.0 Stealth
 + Level 2.2 Spellcasting
 + Level 1.3 Transmutations
 + Level 3.9 Poison Magic


You had 3 spell levels left.
You knew the following spells:

 Your Spells              Type           Power        Failure   Level
a - Sting                 Tmut/Pois      44%          6%          1
b - Poisonous Vapours     Pois/Air       18%          12%         2

Your spell library contained the following spells:

 Spells                   Type           Power        Failure   Level
 Ignite Poison            Fire/Tmut/Pois 8%           26%         3
 Mephitic Cloud           Conj/Pois/Air  6%           30%         3
 Olgreb's Toxic Radiance  Pois           16%          34%         4


Dungeon Overview and Level Annotations

Branches:
Dungeon (2/15)

Altars:

Annotations:
D:2 Natasha


Innate Abilities, Weirdness & Mutations

You cannot wear most types of armour.
You are very stealthy in the water. (Stealth+)
You are amphibious.
You can wear up to eight rings at the same time.
You can use your tentacles to constrict eight enemies at once.
Your skin changes colour to match your surroundings (Stealth+).
Your rubbery body absorbs attacks. (AC +1, EV +1)


Message History

Aim: Natasha (36% to evade)
The sting hits Natasha but does no damage.
Natasha is poisoned.
Natasha closely misses you.
Unknown command.
Casting: Sting (safe; 6% risk of failure)
Confirm with . or Enter, or press ? or * to list all spells.
Aiming: Poisonous Vapours (safe; 12% risk of failure)
Press: ? - help, Dir - move target, f/p - Natasha
Aim: Natasha (poisoned) Poisonous vapours surround Natasha!
Natasha is engulfed in poison gas.
Natasha looks even sicker.
Natasha drinks a potion.
Natasha is healed!
Natasha looks more healthy.
Casting: Poisonous Vapours (safe; 12% risk of failure)
Confirm with . or Enter, or press ? or * to list all spells.
Aiming: Poisonous Vapours (safe; 12% risk of failure)
Press: ? - help, Dir - move target, f/p - Natasha
Aim: Natasha Poisonous vapours surround Natasha!
Natasha is engulfed in poison gas.
Natasha is poisoned.
Natasha claws you!
You die...

###...^....#
#######..........# ..
........#........# .?.
#..........(###
...####.#######.#...####
........### ##.###.....
#.......# #..# #.....
#....h..# #.## #..(..
#....@..# #.# #..... #.#...###
#.# #....( #...#...#
#.####.....
###..##.####...<....##
#..##.##[.........#
###.####..##....#........#
#####.#.........<.....>......#
#.....######.#.#.............#
##.###.# #.#...####........#


You could see Natasha (poisoned).

Vanquished Creatures
  A dart slug (D:1)
  3 leopard geckos (D:1)
  A bat (D:1)
  2 giant cockroaches
  3 goblins (D:1)
  4 frilled lizards
  3 kobolds
  3 rats
20 creatures vanquished.

Notes
Turn   | Place    | Note
-------+----------+-------------------------------------------
     0 | D:1      | inmateoo the Octopode Venom Mage began the quest for the
                  | Orb.
     0 | D:1      | Reached XP level 1. HP: 11/11 MP: 3/3
   797 | D:1      | Reached XP level 2. HP: 17/18 MP: 5/5
  1237 | D:1      | Learned a level 2 spell: Poisonous Vapours
  1511 | D:2      | Reached XP level 3. HP: 5/22 MP: 4/6
  1851 | D:2      | Noticed Natasha
  1858 | D:2      | Slain by Natasha

Illustrated notes

Levels and vault maps discovered:
D:1:      ncdulo_halloftheorcs, layout_basic, roderic_lattice_a,
          kennysheep_minor_cross
D:2:      layout_rooms, uniq_natasha

Skill      XL: |  1  2 |
---------------+-------+-----
Stealth        | 3 |  3.0
Fighting       | |  0.8
Dodging        | |  2.3
Spellcasting   | |  2.2
Transmutations | |  1.3
Poison Magic   | |  3.9

Action                   || total
-------------------------++-------
Melee: Unarmed           ||    58
       Constrict         ||    16
       Tentacles         ||    10
 Cast: Sting             ||     7
       Poisonous Vapours ||     2
 Stab: Sleeping          ||     8
Armor: Skin              ||     5
Dodge: Dodged            ||    44
